 Dungeon Crawl Stone Soup version 0.31-b1-18-g61460d1e46 (webtiles) character file.

Game seed: 5154641028125591171

9 Esekla the Sneak (level 2, 0/21 HPs)
             Began as an Octopode Delver on Jan 16, 2024.
             Slain by a centaur (2 damage)
             ... on level 5 of the Dungeon.
             The game lasted 00:01:31 (83 turns).

Esekla the Sneak (Octopode Delver)                    Turns: 83, Time: 00:01:31

Health: 0/21       AC:  1    Str: 11    XL:     2   Next: 12%
Magic:  2/2        EV: 13    Int: 12    God:
Gold:   0          SH:  0    Dex: 13    Spells: 1/1 levels left

rFire   . . .        a - +0 falchion
rCold   . . .        (no shield)
rNeg    . . .        (helmet restricted)
rPois   .            (no amulet)
rElec   .            (no ring)
rCorr   .            (no ring)
SInv    .            (no ring)
Will    .....        (no ring)
Stlth   ++++         (no ring)
HPRegen 0.23/turn    (no ring)
MPRegen 0.08/turn    (no ring)
                     (no ring)

%: no passive effects
@: hasted, very quick
A: almost no armour, amphibious, 8 rings, camouflage 1, gelatinous body 1,
(nimble swimmer 1), tentacles
a: no special abilities


You were on level 5 of the Dungeon.
You visited 1 branch of the dungeon, and saw 1 of its levels.

Inventory:

Hand Weapons
 a - a +0 falchion (weapon)
Wands
 f - a wand of digging (3)
Scrolls
 b - a scroll of fog


   Skills:
 * Level 3.1 Fighting
 * Level 2.1 Long Blades
 * Level 2.1 Dodging
 + Level 6.9 Stealth
 * Level 0.2 Spellcasting


You had one spell level left.
You didn't know any spells.
Your spell library was empty.

Dungeon Overview and Level Annotations

Branches:
Dungeon (5/15)
 Temple: D:4-7

Altars:
Zin


Innate Abilities, Weirdness & Mutations

You cannot wear most types of armour.
You are amphibious.
You can wear up to eight rings at the same time.
Your skin changes colour to match your surroundings (Stealth+).
Your rubbery body absorbs attacks. (AC +1, EV +1)
((You are camouflaged when in or above water. (Stealth+)))
You have tentacles for arms and can constrict up to eight enemies at once.


Message History

You feel sick.
You feel sick.
You feel sick.
You are no longer poisoned.
A centaur comes into view.
The centaur shouts!
The centaur wields a +0 orcbow.
The centaur shoots an arrow.
The arrow misses you.
As you read the scroll of fear, it crumbles to dust.
You assume a fearsome visage.
The centaur looks frightened!
Found 2 fuming green potions.
Found a leather armour.
You see here a +0 leather armour.
Found 13 gold pieces.
Found an escape hatch in the ceiling.
The centaur shoots an arrow.
The arrow completely misses you.
The centaur shoots an arrow.
The arrow closely misses you.
The centaur shoots an arrow.
The arrow barely misses you.
You feel yourself speed up.
The centaur shoots an arrow.
The arrow barely misses you.
The centaur unwields a +0 orcbow.
The centaur closely misses you.
The centaur kicks you but does no damage.
You hit the centaur.
The centaur is lightly wounded.
The centaur hits you. The centaur kicks you.
You hit the centaur. Your squeeze misses the centaur.
The centaur is moderately wounded.
The centaur hits you. The centaur closely misses you.
You hit the centaur. Your squeeze misses the centaur.
The centaur is heavily wounded.
The centaur hits you.
* * * LOW HITPOINT WARNING * * *
The centaur kicks you.
* * * LOW HITPOINT WARNING * * *
You barely miss the centaur.
The centaur is heavily wounded.
The centaur closely misses you. The centaur completely misses you.
You hit the centaur.
The centaur is almost dead.
The centaur hits you.
You die...

*,,,~~~,,,***,*,***..!..#**###*.
*,,~~~~~..**,*,,.#,#.....,,...,.
**,,~~*~~..#,***,.,*#.##.#**#.#*#
,,,,~~~~~,..#* ##.,*#.##.# #.# #
**,,,~~~,,,#$#*#..**#.##.####.###
**,,,,,,,,,..#..#* #..........##
**,,,,,,,**#<#.# #.##.#####...
***,,,,** #.c.# #.##.#***####
****** *,#@# #.##.#,,,,,,*
*,#.####.##.#,****,*
*,#..[......#,####..
*,#.####....#,###### *,#.#*
####.#,###### *,...* *.#,######
*##..* *,#,######
#..#*****,*,######
#...,,,,,,,,######


You could see a centaur.

Vanquished Creatures
  An adder (D:5)
1 creature vanquished.

Notes
Turn   | Place    | Note
-------+----------+-------------------------------------------
     0 | D:5      | Esekla the Octopode Delver began the quest for the Orb.
     0 | D:5      | Reached XP level 1. HP: 16/16 MP: 1/1
    27 | D:5      | Noticed an iguana
    33 | D:5      | Found a glowing silver altar of Zin.
    38 | D:5      | Reached XP level 2. HP: 16/21 MP: 2/2
    53 | D:5      | Noticed a centaur
    83 | D:5      | Slain by a centaur

Illustrated notes

Levels and vault maps discovered:
D:5:      layout_loops_ring, mainiacjoe_overflow_brackets, elyvilon_altar_3

Action                     || total
---------------------------++-------
  Melee: Falchion          ||     9
         Constrict         ||     1
         Tentacles         ||     1
    Use: Scroll            ||     2
         Potion            ||     1
 Armour: Skin              ||     8
  Dodge: Dodged            ||    12
